Map: Ruins of Seras

Players

Grumm

  • Race: Protoss Protoss
  • League: Gold

CallmeSid - Winner!

  • Race: Terran Terran
  • League: Gold

VOD

Have the link to the VOD?

Description

Time

  • Played on: Feb. 3, 2016, 5:08 p.m.
  • Length: 15:40
Show
View Real Time Build Order
Export as new Build Order

Grumm Protoss 

Build Orders: 1 Gate Expand, Forge Fast Expand (FFE) 

Get SALT Encoding   

  12  0:01  Probe (Chrono Boost)  
  13  0:11  Probe (Chrono Boost)  
  14  0:25  Pylon  
  14  0:31  Probe (Chrono Boost)  
  15  0:44  Probe (Chrono Boost)  
  15  0:47  Gateway  
  16  0:52  Forge  
  16  0:56  Probe (Chrono Boost)  
  17  1:25  Nexus  
  17  1:37  Cybernetics Core  
  17  1:42  Probe (Chrono Boost)  
  18  1:47  Assimilator  
  18  1:58  Assimilator  
  18  1:59  Probe (Chrono Boost)  
  19  2:10  Probe (Chrono Boost)  
  19  2:14  Pylon  
  20  2:24  Probe (Chrono Boost)  
  21  2:36  Stalker (Chrono Boost)  
  22  2:48  Probe  
  22  2:49  Probe  
  24  2:53  Photon Cannon  
  23  2:58  Probe  
  23  3:14  Probe  
  23  3:15  Probe  
  25  3:24  Twilight Council  
  25  3:27  Warp Gate (Chrono Boost)  
  25  3:30  Gateway  
  25  3:32  Probe  
  25  3:38  Probe  
  26  3:44  Probe  
  27  3:48  Protoss Ground Weapons Level 1 (Chrono Boost)  
  27  3:58  Adept  
  27  4:00  Probe x2  
  31  4:17  Gateway  
  31  4:19  Gateway  
  31  4:25  Probe x2  
  31  4:29  Blink (Chrono Boost)  
  33  4:37  Probe  
  33  4:38  Probe  
  35  4:41  Assimilator  
  35  4:48  Stalker  
  37  5:02  Probe x2  
  39  5:12  Pylon  
  39  5:14  Probe x2  
  39  5:18  Assimilator  
  41  5:23  Protoss Ground Armor Level 1 (Chrono Boost)  
  41  5:26  Probe x2  
  41  5:27  Pylon  
  41  5:28  Pylon  
  43  5:41  Stalker x2  
  43  5:42  Zealot  
  49  5:43  Zealot  
  51  5:50  Probe  
  53  5:57  Probe, Photon Cannon  
  53  6:02  Pylon, Probe  
  54  6:07  Adept  
  54  6:09  Probe, Sentry  
  59  6:11  Adept  
  59  6:14  Probe  
  62  6:18  Pylon  
  50  6:35  Zealot x2  
  50  6:36  Zealot x2  
  56  6:46  Dark Shrine  
  56  6:48  Pylon  
  56  6:51  Photon Cannon  
  56  6:58  Probe  
  56  7:00  Probe  
  58  7:02  Stalker x2  
  58  7:06  Adept  
  64  7:08  Protoss Ground Weapons Level 2  
  64  7:10  Probe  
  64  7:13  Pylon  
  65  7:23  Photon Cannon  
  65  7:30  Stalker x2  
  69  7:37  Photon Cannon  
  69  7:46  Stalker x2  
  73  7:54  Stalker  
  75  7:59  Stalker  
  77  8:08  Gateway  
  77  8:09  Gateway  
  77  8:13  Dark Templar  
  77  8:14  Dark Templar  
  81  8:23  Dark Templar x2  
  68  8:52  Stalker x2  
  60  9:05  Dark Templar x2  
  58  9:18  Probe x2  
  60  9:26  Archon  
  60  9:29  Stalker x2  
  62  9:48  Stalker x2  
  62  9:50  Probe x2  
  68  10:02  Probe  
  67  10:13  Gateway x2  
  67  10:14  Dark Templar x4  
  69  10:20  Archon x2  
  75  10:34  Nexus  
  75  10:35  Stalker  
  75  10:36  Stalker  
  75  10:42  Robotics Facility  
  79  10:43  Mothership Core  
  79  10:44  Pylon  
  81  10:50  Stalker, Charge (Chrono Boost)  
  81  10:51  Stalker  
  81  10:53  Pylon  
  81  10:55  Pylon  
  85  10:59  Pylon  
  85  11:15  Zealot x2  
  85  11:16  Zealot x4  
  85  11:18  Nexus  
  97  11:24  Photon Cannon  
  97  11:29  Dark Templar x2  
  97  11:53  Stalker  
  97  11:54  Stalker x3  
  65  12:20  Stalker x4  
  65  12:21  Stalker x3  
  69  13:29  Dark Templar x4  
  69  13:30  Dark Templar x4  
  85  13:39  Pylon, Probe  
  56  14:05  Stalker  
  56  14:06  Stalker x5  
  56  14:07  Stalker x2  
  72  14:14  Immortal (Chrono Boost)  
  76  14:29  Assimilator  
  72  14:32  Assimilator, Stalker  
  60  14:45  Dark Templar x2  
  62  14:46  Dark Templar  
  62  14:48  Sentry  
  64  14:54  Archon  
  64  15:05  Dark Templar x2  
  54  15:17  Zealot  
  48  15:22  Archon  
Show
View Real Time Build Order
Export as new Build Order

CallmeSid Terran - Winner!

Build Orders: Reaper Expand, MMM Bio 

Get SALT Encoding   

  12  0:01  SCV  
  13  0:13  SCV  
  14  0:18  Supply Depot  
  14  0:25  SCV  
  15  0:41  Barracks  
  15  0:44  Refinery  
  15  0:47  SCV  
  16  0:59  SCV  
  18  1:11  SCV  
  18  1:13  Supply Depot  
  18  1:33  Orbital Command, Reaper  
  19  1:59  Command Center  
  19  2:03  SCV  
  19  2:06  Barracks Reactor  
  20  2:20  SCV, Barracks  
  21  2:32  SCV  
  22  2:37  Barracks  
  22  2:53  Marine  
  22  2:56  SCV  
  24  3:02  Engineering Bay  
  24  3:07  Refinery  
  24  3:18  Orbital Command  
  24  3:22  Barracks Tech Lab, Marine x2  
  24  3:26  Barracks Tech Lab  
  26  3:33  Terran Infantry Weapons Level 1  
  26  3:40  Marine x2  
  28  3:44  Bunker  
  28  3:47  Marauder  
  30  3:51  Stimpack  
  30  3:55  SCV  
  31  4:09  Factory, Marine x2  
  33  4:15  Marine  
  34  4:18  Supply Depot  
  34  4:19  Missile Turret  
  34  4:25  Marauder  
  36  4:32  SCV x2  
  38  4:47  Marine  
  38  4:48  Marauder, Marine  
  42  5:00  Marine  
  42  5:02  SCV x2  
  42  5:05  Marine  
  45  5:08  Factory Reactor  
  45  5:10  Starport  
  45  5:14  SCV  
  45  5:15  Marine  
  45  5:16  Marauder  
  45  5:19  Engineering Bay  
  45  5:20  SCV  
  50  5:24  Marine  
  50  5:26  SCV  
  52  5:29  Supply Depot  
  52  5:32  SCV  
  53  5:38  SCV  
  54  5:50  Marauder x2, Marine, SCV  
  54  5:52  Terran Infantry Armor Level 1  
  54  5:53  Armory  
  62  6:02  Refinery  
  62  6:03  Refinery  
  62  6:07  Combat Shields  
  62  6:09  Concussive Shells  
  62  6:20  Marine x2  
  62  6:22  Marine  
  62  6:30  SCV x2  
  62  6:42  Command Center  
  62  6:43  Supply Depot  
  62  6:45  Supply Depot  
  62  6:47  Terran Infantry Weapons Level 2  
  62  6:48  Liberator x2  
  62  7:02  Supply Depot  
  62  7:05  Supply Depot, SCV x2  
  70  7:16  Missile Turret  
  70  7:17  Missile Turret, SCV x2  
  70  7:21  Marine x2  
  70  7:22  Marauder, Marine  
  77  7:29  SCV x2  
  79  7:31  Liberator  
  79  7:36  Barracks  
  79  7:41  SCV x2, Barracks  
  84  8:01  SCV x2  
  86  8:06  Barracks  
  86  8:07  Barracks  
  86  8:16  Missile Turret x2  
  86  8:18  Missile Turret  
  86  8:19  Missile Turret  
  86  8:20  Planetary Fortress  
  86  8:24  SCV x2  
  87  8:36  SCV  
  87  8:40  Marine  
  83  8:53  Marine x2  
  75  9:02  Marine x3  
  69  9:03  Marine  
  67  9:11  Marine x2  
  67  9:15  SCV x3  
  72  9:18  Barracks Tech Lab x2  
  72  9:19  Marine x2  
  72  9:20  Marauder  
  72  9:21  Marauder  
  72  9:27  SCV  
  72  9:29  Marine x2  
  75  9:32  Liberator  
  75  9:36  Marine x2  
  75  9:37  Marine  
  78  9:39  Marine  
  78  9:42  Marauder x2  
  80  9:46  Marine  
  80  9:47  Marine  
  80  9:51  SCV  
  83  9:54  Marauder, Missile Turret  
  83  9:55  Marauder, Marine  
  83  9:56  Liberator  
  83  9:58  Barracks Tech Lab  
  88  10:01  SCV x2  
  88  10:03  SCV  
  91  10:14  Liberator  
  91  10:15  Terran Infantry Weapons Level 3  
  91  10:18  Marine  
  91  10:19  Marine  
  93  10:23  SCV  
  93  10:25  Marine  
  95  10:34  Marine  
  99  10:39  Liberator  
  99  10:45  Marine x2  
  101  10:50  Supply Depot  
  101  10:51  Command Center  
  101  10:52  Supply Depot  
  104  10:57  Liberator  
  104  10:58  Refinery  
  104  10:59  Refinery  
  104  11:01  Marine  
  104  11:02  Marauder x2  
  109  11:15  Barracks  
  109  11:16  Barracks  
  109  11:17  SCV x3  
  115  11:19  Barracks  
  115  11:24  Marine  
  115  11:25  Marine  
  117  11:29  SCV  
  118  11:37  Liberator  
  118  11:46  Liberator  
  116  11:52  Marine x2  
  116  11:53  Marauder x2  
  122  11:57  Supply Depot  
  122  11:59  Supply Depot x2  
  125  12:02  Supply Depot, Marine  
  105  12:12  Marine  
  97  12:17  Marine x2  
  97  12:18  Marine x2  
  97  12:19  Marauder, Marine  
  104  12:23  Marine  
  104  12:26  Planetary Fortress  
  98  12:30  Marine  
  98  12:35  Marine x2  
  98  12:36  Marauder, Marine x2  
  105  12:40  Marine  
  105  12:41  Marine, Terran Infantry Armor Level 2  
  105  12:48  Marine  
  106  12:52  Marine  
  106  12:53  Marine  
  106  12:54  Marine  
  106  12:55  Marauder  
  106  12:57  Marauder  
  106  12:58  Marine  
  107  12:59  Marine  
  107  13:00  SCV  
  107  13:01  SCV x2  
  112  13:06  Marine  
  112  13:12  Marauder  
  112  13:13  Liberator, Marine, SCV  
  112  13:14  SCV  
  114  13:22  Marine, SCV x2  
  114  13:25  Marine, SCV  
  114  13:26  SCV  
  113  13:29  Marine  
  117  13:34  SCV  
  117  13:35  SCV  
  117  13:36  Marine x2  
  117  13:37  Marine x2  
  117  13:38  Marauder  
  125  13:44  Marine x2  
  125  13:48  Marauder  
  126  14:01  Liberator x2, Marine  
  126  14:02  Marine  
  122  14:03  Marine x2  
  122  14:04  Marauder  
  122  14:07  Marine  
  122  14:08  Marine  
  122  14:09  Marauder  
  130  14:16  SCV x2  
  133  14:17  SCV x2  
  133  14:19  Marine  
  133  14:20  Marine x2  
  143  14:25  Marauder  
  143  14:27  Marine  
  143  14:28  SCV  
  143  14:29  SCV x3  
  145  14:36  Marine  
  145  14:38  Marine x3  
  149  14:47  Marine x3  
  149  14:48  Marine  
  149  14:50  SCV x4  
  157  14:53  Refinery x2  
  157  14:54  Marine  
  157  14:55  Marine  
  157  14:58  Marine  
  158  15:02  SCV x4  
  164  15:14  SCV  
  164  15:21  Barracks x3  
Tags
 
Add a new tag
Caveats
  • Supply blocks, unpowered buildings, or Contaminate may cause inaccurate times.
  • Supply counts are checked every 10 seconds.